 Dungeon Crawl Stone Soup version 0.28-a0-906-g0406aca7d3 (webtiles) character file.

Game seed: 4064220476922195683

52 horus123 the Cudgeller (level 4, 0/40 (46) HPs)
             Began as a Human Chaos Knight on Nov 24, 2021.
             Was a Plaything of Xom.
             Slain by a gnoll (5 damage)
             ... on level 2 of the Dungeon.
             The game lasted 00:03:12 (995 turns).

horus123 the Cudgeller (Human Chaos Knight)          Turns: 995, Time: 00:03:13

HP:   0/40 (46)     AC:  5    Str: 13    XL:     4   Next: 8%
MP:   4/4           EV: 11    Int: 12    God:    Xom [......]
Gold: 20            SH:  0    Dex: 11    Spells: 3/3 levels left

rFire   . . .      SeeInvis .   h - +0 great sword
rCold   . . .      Faith    .   (shield currently unavailable)
rNeg    . . .      Spirit   .   b - +2 leather armour
rPois   .          Reflect  .   (no helmet)
rElec   .          Harm     .   (no cloak)
rCorr   .          Rampage  .   (no gloves)
Will    .....                   (no boots)
Stlth   ..........              (no amulet)
HPRegen 0.13/turn               (no ring)
MPRegen 0.09/turn               (no ring)

@: berserking, heavily drained, very quick
A: clumsy 1, frail 1
a: Renounce Religion


You were on level 2 of the Dungeon.
You worshipped Xom.
You were a very special plaything of Xom.
You visited 1 branch of the dungeon, and saw 2 of its levels.

You collected 20 gold pieces.

Inventory:

Hand Weapons
 a - a +0 mace of chaos
 d - a +1 vorpal hunting sling
 h - a +0 great sword (weapon)
Missiles
 g - 51 stones (quivered)
Armour
 b - a +2 leather armour (worn)
Potions
 c - a potion of curing {unknown}
 e - a potion of berserk rage
 f - a potion of flight {unknown}
 j - a potion of haste {unknown}


   Skills:
 - Level 3.1 Fighting
 + Level 1.8 Long Blades
 - Level 3.2 Maces & Flails
 - Level 2.0 Slings
 - Level 2.0 Armour
 - Level 1.0 Dodging


You had 3 spell levels left.
You didn't know any spells.
Your spell library was empty.

Dungeon Overview and Level Annotations

Branches:
Dungeon (2/15)

Altars:


Innate Abilities, Weirdness & Mutations

You are clumsy. (Dex -2)
You are frail. (-10% HP)


Message History

Found a pair of gloves. 2 gnolls come into view.
The gnoll shouts! x2
A gnoll comes into view. It is wielding a +0 club.
The gnoll shouts!
A gnoll comes into view. It is wielding a +0 club.
The hobgoblin hits you but does no damage.
The gnoll shouts!
You slash the hobgoblin!
You kill the hobgoblin!
The gnoll closely misses you. The gnoll barely misses you.
You slash the gnoll!
The gnoll is severely wounded.
The gnoll barely misses you. The gnoll hits you with a +0 spear.
You closely miss the gnoll.
The gnoll is severely wounded.
The gnoll misses you. The gnoll barely misses you.
The gnoll closely misses you.
You closely miss the gnoll.
The gnoll is heavily wounded.
The gnoll hits you from afar with a +0 spear!
The gnoll barely misses you. The gnoll hits you with a +0 flail!
* * * LOW HITPOINT WARNING * * *
You slash the gnoll!
You kill the gnoll!
You have reached level 4!
You feel stronger.
It was a potion of berserk rage.
A red film seems to cover your vision as you go berserk!
You feel yourself moving faster!
You feel mighty!
Xom roars with laughter!
The gnoll closely misses you.
You barely miss the gnoll. The gnoll hits you but does no damage.
The gnoll hits you from afar with a +0 spear.
* * * LOW HITPOINT WARNING * * *
You hit the gnoll.
The gnoll is heavily wounded.
The gnoll hits you with a +0 club.
You die...
Xom giggles madly!

#################
.......##........
.....?....[....
...#.†.......
#####.#.........
.###....g...g......
.......#g#.g....... ...
#g#.........
#####.###@#.########
#.........#.####
.....>...........
.#####.######### #...†.#
####.###.#
#...<....########
#####...##..........####
.........'..........'..####


You could see 3 gnolls.

Vanquished Creatures
  2 gnolls
  3 orcs (D:2)
  2 ball pythons (D:2)
  3 endoplasms (D:1)
  2 hobgoblins
  6 jackals
  A quokka (D:2)
  A bat (D:1)
  2 frilled lizards (D:1)
  3 goblins
  2 kobolds
27 creatures vanquished.

Notes
Turn   | Place    | Note
-------+----------+-------------------------------------------
     0 | D:1      | horus123 the Human Chaos Knight began the quest for the
                  | Orb.
     0 | D:1      | Reached XP level 1. HP: 18/18 MP: 1/1
   150 | D:1      | XOM: silly message
   369 | D:1      | XOM: give mutations
   369 | D:1      | Gained mutation: You are clumsy. (Dex -2) [Xom's mischief]
   369 | D:1      | Gained mutation: You are frail. (-10% HP) [Xom's mischief]
   408 | D:1      | Reached XP level 2. HP: 21/21 MP: 2/2
   416 | D:1      | Reached skill level 1 in Slings
   478 | D:1      | Found a faded altar of an unknown god.
   495 | D:1      | XOM: silly message
   499 | D:1      | Reached XP level 3. HP: 23/26 MP: 3/3
   604 | D:1      | You fall into a shaft and drop 1 floor!
   806 | D:2      | Reached skill level 1 in Long Blades
   860 | D:2      | XOM: draining
   877 | D:2      | XOM: swap monsters
   993 | D:2      | Reached XP level 4. HP: 4/27 MP: 4/4
   995 | D:2      | Slain by a gnoll

Illustrated notes

Levels and vault maps discovered:
D:1:      eino_arrival_cavern_a, layout_basic, chequers_ecumenical_altar_simple
D:2:      layout_basic

Skill      XL: |  1  2  3 |
---------------+----------+-----
Slings         | 1 2 |  2.0
Long Blades    | 1 |  1.8
Fighting       | |  3.1
Maces & Flails | |  3.2
Armour         | |  2.0
Dodging        | |  1.0

Action                   |  1- 3 |  4- 6 || total
-------------------------+-------+-------++-------
Melee: Mace              |    28 |       ||    28
       Great sword       |    48 |     2 ||    50
 Fire: Hunting sling     |     4 |       ||     4
  Use: Scroll            |     1 |       ||     1
       Potion            |       |     1 ||     1
Armor: Leather armour    |    31 |     1 ||    32
Dodge: Dodged            |    78 |     1 ||    79

Table legend: (Time is in decaauts)
 A = Elapsed time spent in this place.
 B = Non-inter-level travel time spent in this place.
 C = Inter-level travel time spent in this place.
 D = Time resting spent in this place.
 E = Time spent auto-exploring this place.
 F = Levels seen in this place.
 G = Mean time per level.
                   A        B        C        D        E       F      G
               +--------+--------+--------+--------+--------+-----+--------+
         Total |   1030 |   1030 |      0 |    160 |    553 |   2 |  515.0 |
       Dungeon |   1030 |   1030 |      0 |    160 |    553 |   2 |  515.0 |
               +--------+--------+--------+--------+--------+-----+--------+

Top non-repeatable levels by time:
     D:1: 610 daAuts
     D:2: 419 daAuts
